 Dungeon Crawl Stone Soup version 0.18-a0-1639-g7533f42 (webtiles) character file.

532 Sargon the Experimenter (level 7, -1/57 HPs)
             Began as a Deep Dwarf Artificer on Mar 28, 2016.
             Was a Believer of Pakellas.
             Slain by Paysuec the naga
             ... wielding a +0 dire flail of pain
             ... created by the player character
              (7 damage)
             ... on level 4 of the Dungeon.
             The game lasted 00:30:15 (3471 turns).

Sargon the Experimenter (Deep Dwarf Artificer)      Turns: 3471, Time: 00:30:15

Health: -1/57      AC:  6    Str: 15    XL:     7   Next: 3%
Magic:  9/13       EV: 13    Int: 13    God:    Pakellas [**....]
Gold:   129        SH:  0    Dex: 14    Spells: 0 memorised, 6 levels left

rFire  . . .     SeeInvis +     a - +0 short sword
rCold  . . .     Gourm    .     A - +0 ring mail
rNeg   . . .     Faith    .     (no shield)
rPois  .         Spirit   .     (no helmet)
rElec  .         Dismiss  .     (no cloak)
rCorr  .         Reflect  .     (no gloves)
SustAt .         Harm     .     p - +0 pair of boots
MR     +....                    n - amulet of rage
Stlth  +.........               F - +2 ring of evasion
                                v - ring of see invisible

@: non-regenerating, somewhat resistant to hostile enchantments, very unstealthy
A: damage resistance, recharge devices, sense surroundings 1, slow regeneration
3
a: Device Recharging, Quick Charge, Renounce Religion, Evoke Berserk Rage


You were on level 4 of the Dungeon.
You worshipped Pakellas.
Pakellas was pleased with you.
You were not hungry.

You visited 1 branch of the dungeon, and saw 4 of its levels.
You also visited: Sewer.

You collected 129 gold pieces.

Inventory:

Hand Weapons
 a - a +0 short sword (weapon)
Armour
 p - a +0 pair of boots (worn)
 A - a +0 ring mail (worn)
Jewellery
 n - an amulet of rage (around neck)
 v - a ring of see invisible (left hand)
 F - a +2 ring of evasion (right hand)
Wands
 c - a wand of flame (0/48)
 d - a wand of enslavement (0/24)
 e - a wand of random effects (0/48)
 f - a wand of heal wounds (3/9)
 z - a wand of digging (13/24)
 C - a wand of paralysis (4/24)
 D - a wand of teleportation (4/9)
Scrolls
 h - 2 scrolls of enchant weapon {unknown}
 i - 5 scrolls of identify {unknown}
 k - 2 scrolls of remove curse {unknown}
 l - 2 scrolls of teleportation {unknown}
 r - a scroll of fog {unknown}
 s - 3 scrolls of fear {unknown}
 w - a scroll of recharging {unknown}
 y - 2 scrolls of magic mapping {unknown}
 G - a scroll of blinking {unknown}
Potions
 j - a potion of haste {unknown}
 m - a potion of curing {unknown}
 o - 3 potions of lignification {unknown}
 q - 2 potions of might {unknown}
 t - 4 potions of brilliance {unknown}
 x - a potion of invisibility
Miscellaneous
 E - a plain deck of changes {drawn: 3}
Comestibles
 b - a chunk of flesh
 g - 5 bread rations
 u - a meat ration
 B - a beef jerky


   Skills:
 - Level 1.0 Fighting
 - Level 1.1 Short Blades
 - Level 0.4 Armour
 - Level 2.6 Dodging
 - Level 1.7 Stealth
 + Level 10.1 Evocations


You had 6 spell levels left.
You didn't know any spells.

Dungeon Overview and Level Annotations

Branches:
Dungeon (4/15)
 Temple: D:4-7

Altars:
Ashenzari
Gozag
Nemelex Xobeh
Pakellas
Sif Muna

Shops:
D:4 [:


Innate Abilities, Weirdness & Mutations

You are resistant to damage.
You can recharge devices by infusing magical energy.
You passively map a small area around you.
You do not regenerate naturally.


Message History

You hit the iguana but do no damage.
The iguana is severely wounded.
The iguana barely misses you.
You barely miss Paysuec. The iguana misses you.
Unknown command.
Press: ? - help, v - describe, . - travel
Here: Paysuec the naga, wielding a dire flail of pain and wearing a runed robe (durably summoned)
An open door.
You closely miss the iguana.
The iguana is severely wounded.
The iguana closely misses you. Paysuec spits poison at you.
The splash of poison misses you.
The splash of poison hits the iguana.
The iguana appears unharmed.
You hit the iguana but do no damage.
The iguana is severely wounded.
The iguana closely misses you.
Paysuec hits you with a dire flail of pain!
You die...
Pakellas says: Good help is so hard to find these days!

#####...# ##.## #.#
* ##'## * # ##...##
.., ##..)..## * #..#
##.......## .....* #
,
#.........####......
*#### ,
+.........N@l.......
, ,....
#.........####....#.
*### ,##.......##
...# # ##<....##
*.## * # , ##...## ,
# # , ##+## , ,* # ,
* # * # , * #


You could see Paysuec the naga and an iguana.

Vanquished Creatures
  Sigmund (D:4)
  A howler monkey (D:4)
  3 orc wizards
  2 worker ants (D:4)
  Robin (D:4)
  3 river rats
  7 adders
  An ooze (D:2)
  An adder skeleton (D:4)
  A worm (D:2)
  4 dart slugs
  2 giant geckos
  2 orcs
  A ball python (Sewer)
  3 bats
  9 giant cockroaches
  8 goblins
  12 hobgoblins
  5 jackals
  7 giant newts
  3 kobolds
  12 rats
89 creatures vanquished.

Vanquished Creatures (collateral kills)
  3 orcs
  4 ball pythons
  A goblin (D:4)
  2 giant newts (Sewer)
  A kobold (D:3)
  3 rats (Sewer)
14 creatures vanquished.

Vanquished Creatures (others)
  An ice dragon (D:2)
  An orc wizard (D:4)
  2 river rats (Sewer)
  3 adders
  3 ball pythons
  A goblin (D:4)
  A hobgoblin (D:4)
  A rat (Sewer)
13 creatures vanquished.

Grand Total: 116 creatures vanquished

Notes
Turn   | Place    | Note
--------------------------------------------------------------
     0 | D:1      | Sargon the Deep Dwarf Artificer began the quest for the Orb.
     0 | D:1      | Reached XP level 1. HP: 16/16 MP: 3/3
    90 | D:1      | Reached skill level 1 in Short Blades
   130 | D:1      | Found a shattered altar of Ashenzari.
   238 | D:1      | Reached skill level 1 in Fighting
   320 | D:1      | Reached XP level 2. HP: 12/25 MP: 5/5
   863 | D:2      | Reached XP level 3. HP: 26/31 MP: 6/6
   971 | D:2      | Reached skill level 5 in Evocations
  1489 | D:2      | Reached XP level 4. HP: 14/38 MP: 8/8
  1508 | D:2      | Found an oddly glowing altar of Pakellas.
  1508 | D:2      | Noticed an ice dragon
  1512 | D:2      | Became a worshipper of Pakellas the Inventive
  1542 | D:2      | Killed an ice dragon
  1635 | D:2      | Reached skill level 6 in Evocations
  2053 | D:3      | Found an opulent altar of Gozag.
  2267 | D:3      | Reached skill level 7 in Evocations
  2267 | D:3      | Reached XP level 5. HP: 28/44 MP: 8/10
  2273 | D:3      | Found a deep blue altar of Sif Muna.
  2305 | D:3      | Reached * piety under Pakellas
  2320 | D:3      | Found a glowing drain.
  2456 | Sewer    | Entered a sewer
  2706 | Sewer    | Reached ** piety under Pakellas
  2706 | Sewer    | Received a gift from Pakellas
  2888 | D:4      | Noticed Robin
  2949 | D:4      | Killed Robin
  2949 | D:4      | Reached skill level 8 in Evocations
  3036 | D:4      | Found Yshruh's Book Emporium.
  3059 | D:4      | Noticed Sigmund
  3096 | D:4      | Killed Sigmund
  3096 | D:4      | Reached skill level 9 in Evocations
  3096 | D:4      | Reached XP level 6. HP: 15/51 MP: 5/13
  3139 | D:4      | Found a sparkling altar of Nemelex Xobeh.
  3158 | D:4      | Found Jijeawol's Armour Boutique.
  3451 | D:4      | Reached skill level 10 in Evocations
  3451 | D:4      | Reached XP level 7. HP: 26/57 MP: 9/13
  3471 | D:4      | Slain by Paysuec the naga

Vault maps used:
D:1:      dpeg_arrival_round_b, nicolae_ashenzari_panopticon
D:2:      gammafunk_pakellas_cloud_experiment, first_bread,
          minmay_strange_pillars
D:3:      nicolae_gozag_seed_capital, gup_sewer_entry_glass,
          hangedman_decor_growths, tgw_sif
D:4:      nemelex_deck, serial_shops, shop_fountains, shop, shop, uniq_robin,
          uniq_sigmund
Sewer:    sewer_co_cracked_pipes

Skill      XL: |  1  2  3  4  5  6 |
---------------+-------------------+-----
Short Blades   | 1 |  1.1
Fighting       | 1 |  1.0
Evocations     | 5 7 9 10 | 10.1
Armour         | |  0.4
Dodging        | |  2.6
Stealth        | |  1.7

Action                   |  1- 3 |  4- 6 |  7- 9 || total
-------------------------+-------+-------+-------++-------
Melee: Short sword       |   138 |   278 |    19 ||   435
Invok: Quick Charge      |       |     2 |       ||     2
 Abil: Device Recharging |       |     1 |       ||     1
Evoke: Wand              |    12 |    48 |       ||    60
       Deck              |       |     2 |     1 ||     3
 Stab: Sleeping          |     1 |     1 |       ||     2
       Paralysed         |       |    16 |       ||    16
       Confused          |       |     1 |       ||     1
  Eat: Chunk             |     2 |     7 |       ||     9
